 Dungeon Crawl Stone Soup version 0.29-a0-541-gaf1fc19f1b (webtiles) character file.

Game seed: 5998305543906830551

587 swifteh the Chopper (level 7, 0/56 (60) HPs)
             Began as a Gnoll Chaos Knight on June 2, 2022.
             Was a Plaything of Xom.
             Slain by a wight
             ... wielding a +3 dire flail
              (13 damage)
             ... on level 7 of the Dungeon.
             The game lasted 00:28:15 (3373 turns).

swifteh the Chopper (Gnoll Chaos Knight)            Turns: 3373, Time: 00:28:16

HP:   0/56 (60)     AC:  8    Str: 13    XL:     7   Next: 38%
MP:   10/10         EV: 12    Int: 12    God:    Xom [.*....]
Gold: 150           SH:  0    Dex: 11    Spells: 7/10 levels left

rFire   . . .      SeeInvis +   a - +0 hand axe (chaos)
rCold   . . .      Faith    +   (no shield)
rNeg    . . .      Spirit   .   b - +3 leather armour
rPois   .          Reflect  .   (no helmet)
rElec   .          Harm     .   (no cloak)
rCorr   .          Rampage  .   (no gloves)
Will    .....                   m - +1 pair of boots
Stlth   ++........              s - amulet of faith
HPRegen 0.18/turn               d - ring of see invisible
MPRegen 0.12/turn               (no ring)

@: drained
A: fangs 1, strong nose, distributed training
a: Renounce Religion


You were on level 7 of the Dungeon.
You worshipped Xom.
You were a plaything of Xom.
You visited 1 branch of the dungeon, and saw 5 of its levels.

You collected 150 gold pieces.

Inventory:

Hand Weapons
 a - a +0 hand axe of chaos (weapon)
 q - the +1 hand axe of Tumult {vamp, Str+2}
   (You found it on level 3 of the Dungeon)

   It occasionally heals its wielder for a portion of the damage dealt when it
   wounds a living foe.
   Str:       It affects your strength (+2).
 u - a +0 morningstar of protection
Missiles
 o - 6 javelins
 r - 3 boomerangs
Armour
 b - a +3 leather armour (worn)
 m - a +1 pair of boots (worn)
Jewellery
 d - a ring of see invisible (left hand)
 s - an amulet of faith (around neck)
Wands
 n - a wand of iceblast (1) (quivered)
Scrolls
 f - 3 scrolls of identify {unknown}
 g - a scroll of fear {unknown}
 j - a scroll of teleportation {unknown}
 l - a scroll of vulnerability {unknown}
 t - a scroll of magic mapping {unknown}
 v - 2 scrolls of acquirement {unknown}
Potions
 e - a potion of mutation {unknown}
 h - 2 potions of flight {unknown}
 i - 2 potions of curing {unknown}
 k - 2 potions of heal wounds {unknown}
 p - a potion of attraction {unknown}
Miscellaneous
 c - a piece from Xom's chessboard (15/15)


   Skills:
 + Level 7.0 Fighting
 + Level 2.4 Short Blades
 + Level 2.4 Long Blades
 + Level 7.0 Axes
 + Level 2.4 Maces & Flails
 + Level 2.4 Polearms
 + Level 2.4 Staves
 + Level 2.4 Slings
 + Level 2.4 Bows
 + Level 2.4 Crossbows
 + Level 2.4 Throwing
 + Level 5.2 Armour
 + Level 3.6 Dodging
 + Level 2.4 Stealth
 + Level 2.4 Shields
 + Level 2.4 Unarmed Combat
 + Level 2.4 Spellcasting
 + Level 2.0 Conjurations
 + Level 2.0 Hexes
 + Level 2.0 Summonings
 + Level 2.0 Necromancy
 + Level 2.0 Translocations
 + Level 2.0 Transmutations
 + Level 2.0 Fire Magic
 + Level 2.0 Ice Magic
 + Level 2.0 Air Magic
 + Level 2.0 Earth Magic
 + Level 2.0 Poison Magic
 + Level 2.7 Invocations
 + Level 2.4 Evocations


You had 7 spell levels left.
You knew the following spells:

 Your Spells              Type           Power      Damage    Failure   Level
a - Ozocubu's Armour      Ice            6%         N/A       38%         3

Your spell library contained the following spells:

 Spells                   Type           Power      Damage    Failure   Level
 Ozocubu's Refrigeration  Ice            3%         4d5       100%        7


Dungeon Overview and Level Annotations

Branches:
Dungeon (4/15)
 Temple: D:4-7

Altars:
Elyvilon
Uskayaw

Shops:
D:3 *   D:4 (


Innate Abilities, Weirdness & Mutations

You have very sharp teeth.
Your uncanny sense of smell can sniff out nearby items.
Your experience applies equally to all skills.


Message History

The wight is destroyed!
Your life force feels restored.
Your Fighting skill increases to level 7!
Your Axes skill increases to level 7!
You feel a bit more experienced. x2
Your Conjurations skill increases to level 2!
Your Hexes skill increases to level 2!
Your Summonings skill increases to level 2!
Your Necromancy skill increases to level 2!
Your Translocations skill increases to level 2!
Your Transmutations skill increases to level 2!
Your Fire Magic skill increases to level 2!
Your Ice Magic skill increases to level 2!
Your Air Magic skill increases to level 2!
Your Earth Magic skill increases to level 2!
Your Poison Magic skill increases to level 2!
You start resting.
Your cleaving frenzy subsides.
You start resting.
A wight is nearby!
The wight closely misses you. The wight attacks as you move away!
The wight hits you with a +0 long sword. "Hum-dee-hum-dee-hum..."
The orc evaporates and reforms as a ball python!
The wight hits you but does no damage.
The wight hits you with a +3 dire flail.
You feel drained. The wight barely misses you.
The ball python bites you but does no damage.
The ball python barely misses you.
Xom's power touches on a nearby monster.
The ball python evaporates and reforms as a river rat!
The wight hits you with a +3 dire flail!
You feel drained.
* * * LOW HITPOINT WARNING * * *
The river rat attacks as you move away! The river rat closely misses you.
The wight hits you with a +3 dire flail!
You die...
Xom howls with laughter!

#..z.)zb..#
#...♣..._.♣........
#....ob...#
#...♣'♣♣♣'♣).......
#.........#
#..................
#.........#
#..................
#.>.......#
#..................
....$......#
#........#######...
##<......?.#
#......### ###.
#zrz.### ∆ ##
#.@..# #...## #...#
#..## #..# ##.#
#♣♣♣# # #.. #♣⌠.⌠♣#
#♣ #..
♣.._..♣♣♣♣♣♣.
♣............


You could see 2 wights and a river rat.

Vanquished Creatures
  An ice beast (D:7)
  A necrophage (D:7)
  2 wights (D:7)
  4 hounds
  An orc priest (D:7)
  Terence (D:3)
  3 gnolls (D:3)
  5 adders
  A worm (D:4)
  6 orcs
  2 bats
  4 endoplasms
  2 giant cockroaches
  6 hobgoblins
  5 jackals (D:1)
  7 ball pythons
  A frilled lizard (D:3)
  5 goblins
  4 kobolds
  3 rats
64 creatures vanquished.

Vanquished Creatures (collateral kills)
  An adder (D:4)
1 creature vanquished.

Vanquished Creatures (others)
  An adder zombie (D:3)
  6 demonic plants (D:3)
  2 plants (D:2)
9 creatures vanquished.

Grand Total: 74 creatures vanquished

Notes
Turn   | Place    | Note
-------+----------+-------------------------------------------
     0 | D:1      | swifteh the Gnoll Chaos Knight began the quest for the Orb.
     0 | D:1      | Reached XP level 1. HP: 23/23 MP: 1/1
    37 | D:1      | XOM: silly message
   312 | D:1      | XOM: silly message
   321 | D:1      | Reached XP level 2. HP: 29/29 MP: 2/2
   367 | D:1      | Found a faded altar of an unknown god.
   383 | D:1      | XOM: silly message
   957 | D:2      | Reached XP level 3. HP: 35/35 MP: 3/3
  1216 | D:2      | Reached skill level 1 in Invocations
  1635 | D:3      | Reached skill level 1 in Short Blades
  1635 | D:3      | Reached skill level 1 in Long Blades
  1635 | D:3      | Reached skill level 1 in Maces & Flails
  1635 | D:3      | Reached skill level 1 in Polearms
  1635 | D:3      | Reached skill level 1 in Staves
  1635 | D:3      | Reached skill level 1 in Slings
  1635 | D:3      | Reached skill level 1 in Bows
  1635 | D:3      | Reached skill level 1 in Crossbows
  1635 | D:3      | Reached skill level 1 in Throwing
  1635 | D:3      | Reached skill level 1 in Stealth
  1635 | D:3      | Reached skill level 1 in Shields
  1635 | D:3      | Reached skill level 1 in Unarmed Combat
  1635 | D:3      | Reached skill level 1 in Spellcasting
  1635 | D:3      | Reached skill level 1 in Evocations
  1642 | D:3      | Reached XP level 4. HP: 41/41 MP: 5/5
  1647 | D:3      | Reached skill level 1 in Conjurations
  1647 | D:3      | Reached skill level 1 in Hexes
  1647 | D:3      | Reached skill level 1 in Summonings
  1647 | D:3      | Reached skill level 1 in Necromancy
  1647 | D:3      | Reached skill level 1 in Translocations
  1647 | D:3      | Reached skill level 1 in Transmutations
  1647 | D:3      | Reached skill level 1 in Fire Magic
  1647 | D:3      | Reached skill level 1 in Ice Magic
  1647 | D:3      | Reached skill level 1 in Air Magic
  1647 | D:3      | Reached skill level 1 in Earth Magic
  1647 | D:3      | Reached skill level 1 in Poison Magic
  1680 | D:3      | XOM: potion effect (haste)
  1734 | D:3      | Reached XP level 5. HP: 47/47 MP: 6/6
  1876 | D:3      | Noticed Terence
  1885 | D:3      | Killed Terence
  1890 | D:3      | Found Pesmat's Assorted Antiques.
  1943 | D:3      | Identified the +1 hand axe of Tumult {vamp, Str+2}
  2361 | D:4      | XOM: summons 3 hostile demons
  2425 | D:4      | Learned a level 3 spell: Ozocubu's Armour
  2446 | D:4      | XOM: swap monsters
  2542 | D:4      | Noticed Blork the orc
  2551 | D:4      | XOM: summons 3 hostile shadow creatures
  2569 | D:4      | Noticed Blork
  2569 | D:4      | Blork the orc changed into Blork the worm
  2569 | D:4      | XOM: polymorph Blork the orc -> Blork the worm
  2600 | D:4      | Killed Blork the worm
  2605 | D:4      | XOM: noise
  2609 | D:4      | XOM: stat loss: -1 Int (11/12)
  2793 | D:4      | XOM: divination: magic mapping
  2802 | D:4      | Found Bipp's Weapon Boutique.
  2871 | D:4      | XOM: 8-stop teleportation journey
  2877 | D:4      | XOM: cast spell 'Summon Mana Viper'
  2881 | D:4      | Reached XP level 6. HP: 51/53 MP: 8/8
  2941 | D:4      | You fall into a shaft and drop 3 floors!
  2947 | D:7      | Found a white marble altar of Elyvilon.
  2996 | D:7      | XOM: swap monsters
  3008 | D:7      | Reached skill level 5 in Armour
  3044 | D:7      | XOM: scenery: 1 doors open
  3082 | D:7      | Found a hide-covered altar of Uskayaw.
  3131 | D:7      | XOM: summons 2 hostile demons
  3151 | D:7      | Noticed an ice beast
  3162 | D:7      | XOM: repel stairs
  3169 | D:7      | Killed an ice beast
  3312 | D:7      | XOM: blink monster(s)
  3313 | D:7      | XOM: butterfly on damage
  3314 | D:7      | XOM: cleaving
  3317 | D:7      | Reached XP level 7. HP: 27/59 MP: 10/10
  3326 | D:7      | XOM: confuse monster(s)
  3331 | D:7      | XOM: enchant monster (bad)
  3364 | D:7      | XOM: polymorph orc -> ball python
  3372 | D:7      | XOM: polymorph ball python -> river rat
  3373 | D:7      | Slain by a wight

Illustrated notes

Levels and vault maps discovered:
D:1:      nzn_arrival_crosshair, layout_basic,
          hellmonk_ecumenical_altar_arch_garden
D:2:      layout_basic, serial_bayou_pond_e
D:3:      layout_basic, serial_shops, nicolae_shop_stone,
          minmay_misc_feat_diagonals, dreamdust_princess_corridor, uniq_terence
D:4:      layout_gridville, lemuel_tele_altar, serial_shops, shop,
          uniq_blork_the_orc, uniq_menkaure
D:7:      layout_basic, mainiacjoe_overflow_six_doors_small,
          kennysheep_ying_yang

Skill      XL: |  1  2  3  4  5  6  7 |
---------------+----------------------+-----
Invocations    | 1 2 |  2.7
Short Blades   | 1 2 |  2.4
Long Blades    | 1 2 |  2.4
Maces & Flails | 1 2 |  2.4
Polearms       | 1 2 |  2.4
Staves         | 1 2 |  2.4
Slings         | 1 2 |  2.4
Bows           | 1 2 |  2.4
Crossbows      | 1 2 |  2.4
Throwing       | 1 2 |  2.4
Stealth        | 1 2 |  2.4
Shields        | 1 2 |  2.4
Unarmed Combat | 1 2 |  2.4
Spellcasting   | 1 2 |  2.4
Evocations     | 1 2 |  2.4
Conjurations   | 1 2 |  2.0
Hexes          | 1 2 |  2.0
Summonings     | 1 2 |  2.0
Necromancy     | 1 2 |  2.0
Translocations | 1 2 |  2.0
Transmutations | 1 2 |  2.0
Fire Magic     | 1 2 |  2.0
Ice Magic      | 1 2 |  2.0
Air Magic      | 1 2 |  2.0
Earth Magic    | 1 2 |  2.0
Poison Magic   | 1 2 |  2.0
Dodging        | 3 |  3.6
Armour         | 5 |  5.2
Fighting       | 7 |  7.0
Axes           | 7 |  7.0

Action                   |  1- 3 |  4- 6 |  7- 9 || total
-------------------------+-------+-------+-------++-------
Melee: Hand axe          |    74 |   136 |       ||   210
       Bite              |     7 |    13 |       ||    20
       Punch             |       |     6 |       ||     6
Evoke: Wand              |       |     4 |       ||     4
  Use: Scroll            |     2 |       |       ||     2
 Stab: Petrified         |     5 |       |       ||     5
       Paralysed         |       |     2 |       ||     2
Armor: Leather armour    |    37 |    73 |     2 ||   112
Dodge: Dodged            |    61 |    95 |     4 ||   160

Table legend: (Time is in decaauts)
 A = Elapsed time spent in this place.
 B = Non-inter-level travel time spent in this place.
 C = Inter-level travel time spent in this place.
 D = Time resting spent in this place.
 E = Time spent auto-exploring this place.
 F = Levels seen in this place.
 G = Mean time per level.
                   A        B        C        D        E       F      G
               +--------+--------+--------+--------+--------+-----+--------+
         Total |   3349 |   3349 |      0 |    531 |    523 |   5 |  669.8 |
       Dungeon |   3349 |   3349 |      0 |    531 |    523 |   5 |  669.8 |
               +--------+--------+--------+--------+--------+-----+--------+

Top non-repeatable levels by time:
     D:1: 909 daAuts
     D:3: 768 daAuts
     D:2: 652 daAuts
     D:4: 588 daAuts
     D:7: 429 daAuts
